 Dungeon Sprint DCSS version 0.23.1 (webtiles) character file.

Game seed: 13119232790082851547

65739 Groucho the Hoplite (level 15, -7/142 HPs)
             Began as a Formicid Fighter on Mar 16, 2019.
             Was the Champion of Cheibriados.
             Killed by the air
             ... invoked by a titan
              (38 damage)
             ... in the Dungeon (Sprint IX: "|||||||||||||||||||||||||||||").
             The game lasted 00:22:50 (5525 turns).

Groucho the Hoplite (Formicid Fighter)              Turns: 5525, Time: 00:22:51

Health: -7/142     AC: 25    Str: 36    XL:     15   Next: 59%
Magic:  4/27       EV: 20    Int: 24    God:    Cheibriados [******]
Gold:   887        SH: 20    Dex: 30    Spells: 14/14 levels left

rFire    + . .     SeeInvis +   p - +2 halberd (protect)
rCold    + + .     Gourm    .   c - +0 shield
rNeg     . . .     Faith    .   x - +2 plate armour {rC+}
rPois    .         Spirit   .   (helmet unavailable)
rElec    .         Reflect  .   a - +0 cloak
rCorr    .         Harm     .   e - +0 pair of gloves
MR       +....                  (no boots)
Stlth    ..........             (no amulet)
HPRegen  0.33/turn              C - ring of protection from cold
MPRegen  0.20/turn              A - ring of protection from fire

@: very slow
A: permanent stasis, dig shafts and tunnels, four strong arms, antennae 3
a: Dig, Bend Time, Temporal Distortion, Slouch, Step From Time, Renounce
Religion


You were in the Dungeon.
You worshipped Cheibriados.
Cheibriados was exalted by your worship.
You were near starving.

You visited 1 branch You collected 1937 gold pieces.
You spent 1050 gold pieces at shops.

Inventory:

Hand Weapons
 p - a +2 halberd of protection (weapon)
Missiles
 w - 13 tomahawks (quivered)
Armour
 a - a +0 cloak (worn)
 c - a +0 shield (worn)
 e - a +0 pair of gloves (worn)
 x - a +2 plate armour of cold resistance (worn)
Jewellery
 b - a +3 ring of intelligence
 r - a +3 ring of intelligence
 A - a ring of protection from fire (right hand)
 B - an uncursed ring of stealth
 C - a ring of protection from cold (left hand)
Wands
 o - a wand of iceblast (10)
 y - a wand of acid (10)
Scrolls
 m - 7 scrolls of remove curse
 n - 2 scrolls of amnesia
 t - 7 scrolls of enchant armour
 u - 4 scrolls of enchant weapon
 v - a scroll of fog
 D - a scroll of fear
Potions
 d - 2 potions of might
 g - 4 potions of heal wounds
 h - 2 potions of agility
 i - 4 potions of magic
 j - a potion of degeneration
 l - 8 potions of curing
 q - a potion of cancellation
 s - a potion of brilliance
 z - a potion of mutation
Comestibles
 f - 8 rations


   Skills:
 + Level 20.3 Fighting
 + Level 18.8 Polearms
 + Level 20.3 Armour
 + Level 10.7 Dodging
 + Level 21.8 Shields
 - Level 16.0 Invocations


You had 14 spell levels left.
You didn't know any spells.
Your spell library was empty.

Dungeon Overview and Level Annotations

Branches:
Dungeon (1/1)

Altars:
Cheibriados
Dithmenos
Elyvilon
Fedhas
Gozag
Hepliaklqana
Kikubaaqudgha
Makhleb
Nemelex Xobeh
Okawaru
Qazlal
Ru
Sif Muna
Trog
Uskayaw
Vehumet
Wu Jian
Xom
Yredelemnul
Zin
The Shining One
Beogh
Jiyva
Lugonu

Shops:
D *:}!


Innate Abilities, Weirdness & Mutations

You cannot be hasted, slowed, berserked, paralysed or teleported.
You can dig through walls and to a lower floor.
Your four strong arms can wield two-handed weapons with a shield.
You have a pair of large antennae on your head. (SInv)


Message History

The Orb Guardian completely misses you.
Unknown command.
You can feel time thicken for a moment.
You kill the Orb Guardian!
Cheibriados thoroughly appreciates the change of pace.
Cheibriados raises the support of your attributes as your movement slows.
Your Fighting skill increases to level 20!
Your Armour skill increases to level 20!
You kill the yaktaur captain!
Cheibriados thoroughly appreciates the change of pace.
You kill the Orb Guardian!
Cheibriados thoroughly appreciates the change of pace.
You kill the ironbrand convoker!
Cheibriados appreciates the change of pace.
You kill the ironbrand convoker!
Cheibriados appreciates the change of pace.
You are near starving!
The titan waves its arms in wide circles.
The air twists around and strikes you!
You die...

,,,+,,,,,,,,,,,,,+,,,,,,,,,,,,,+,
*********************************
,,,,,,,,,,,,,,,,{{,,,,,,,,,,,,,,,
*********************************
,,,,,,,,,,,,,,,,,,,,,,,,,,,,,,,,,
*********************************
,,,,,,,,,,,,,,,,,,,,,,,,,,,,,,,{,
*********▓▓▓▓▓▓▓▓▓▓▓▓▓▓▓▓▓▓▓▓▓▓▓▓
{{{{{{{{{..C)).)@((.†.(((........
▓▓▓▓▓▓▓▓▓▓▓▓▓▓▓▓▓▓▓▓▓▓▓▓▓▓▓▓▓▓▓▓▓
.................................
▓▓▓▓▓▓▓▓▓▓▓▓▓▓▓▓▓▓♣♣♣♣♣♣♣♣♣♣▓▓▓▓▓
†).....†...).))))'.........'.....
▓▓▓▓▓▓▓▓▓▓▓▓▓▓▓▓▓▓♣♣♣♣♣♣♣♣♣♣▓▓▓▓▓
.................................
▓▓▓▓▓▓▓▓▓▓▓▓▓▓▓▓▓▓▓▓▓▓▓▓▓▓▓▓▓▓▓▓▓
...))(().)(..........[[[[[[[[.)))


You could see a titan.

Vanquished Creatures
  2 Orb Guardians (D)
  A lich (D)
  Agnes (D)
  Donald (D)
  A tengu reaver (D)
  A nagaraja (D)
  A frost giant (D)
  A vault warden (D)
  4 stone giants (D)
  A vampire knight (D)
  A spark wasp (D)
  2 yaktaur captains (D)
  4 ice dragons (D)
  2 fire dragons (D)
  Erolcha (D)
  A spriggan air mage (D)
  3 hydras (D)
  Harold (D)
  3 centaur warriors (D)
  3 ogre magi (D)
  2 two-headed ogres (D)
  A catoblepas (D)
  A deep troll shaman (D)
  3 death yaks (D)
  Nergalle (D)
  Sonja (D)
  2 sea snakes (D)
  A spriggan berserker (D)
  An unseen horror (D)
  2 glowing orange brains (D)
  A lindwurm (shapeshifter) (D)
  2 naga ritualists (D)
  5 ironbrand convokers (D)
  6 orc knights (D)
  A mana viper (D)
  A cyclops (shapeshifter) (D)
  3 orb spiders (D)
  11 orc sorcerers (D)
  2 wolf spiders (D)
  5 manticores (D)
  2 black mambas (D)
  A water nymph (D)
  A naga mage (D)
  3 spiny frogs (D)
  A yaktaur (D)
  2 demonic crawlers (D)
  A komodo dragon (D)
  A jumping spider (D)
  A hornet (D)
  A merfolk (D)
  2 tyrant leeches (D)
  A hippogriff (D)
  4 slime creatures (D)
  A shadow (D)
  A water elemental (D)
  5 yaks (D)
  A basilisk (D)
  A vampire mosquito (D)
  A naga (D)
  3 porcupines (D)
  2 water moccasins (D)
  A swamp drake (D)
  12 orc warriors (D)
  A sky beast (D)
  An ogre (D)
  A centaur (D)
  A crocodile (D)
  5 bullfrogs (D)
  A howler monkey (D)
  A crimson imp (D)
  A jelly (D)
  A worker ant (D)
  7 orc wizards (D)
  A hell rat (D)
  A dart slug (D)
  A leopard gecko (D)
  8 orcs (D)
  A bat zombie (D)
  A giant cockroach (D)
  3 bats (D)
  A frilled lizard (D)
  2 leopard gecko zombies (D)
175 creatures vanquished.

Vanquished Creatures (others)
  A naga (D)
1 creature vanquished.

Grand Total: 176 creatures vanquished

Notes
Turn   | Place    | Note
-------+----------+-------------------------------------------
     0 | D        | Groucho the Formicid Fighter began the quest for the Orb.
     0 | D        | Reached XP level 1. HP: 18/18 MP: 1/1
    10 | D        | Reached skill level 4 in Shields
    11 | D        | Reached XP level 2. HP: 25/25 MP: 2/2
    18 | D        | Noticed a sky beast
    39 | D        | Killed a sky beast
    39 | D        | Reached skill level 5 in Fighting
    39 | D        | Reached skill level 5 in Armour
    39 | D        | Reached skill level 6 in Shields
    39 | D        | Reached XP level 3. HP: 17/34 MP: 3/3
    39 | D        | Reached XP level 4. HP: 20/40 MP: 4/4
    46 | D        | Reached skill level 5 in Polearms
    46 | D        | Reached XP level 5. HP: 37/46 MP: 5/5
    59 | D        | Found a roughly hewn altar of Beogh.
    59 | D        | Found a snail-covered altar of Cheibriados.
    59 | D        | Found a shadowy altar of Dithmenos.
    59 | D        | Found a white marble altar of Elyvilon.
    59 | D        | Found a blossoming altar of Fedhas.
    59 | D        | Found an opulent altar of Gozag.
    60 | D        | Found a hazy altar of Hepliaklqana.
    61 | D        | Found a viscous altar of Jiyva.
    62 | D        | Found an ancient bone altar of Kikubaaqudgha.
    63 | D        | Became a worshipper of Cheibriados the Contemplative
    64 | D        | Found a corrupted altar of Lugonu.
    65 | D        | Found a burning altar of Makhleb.
    66 | D        | Found a sparkling altar of Nemelex Xobeh.
    67 | D        | Found an iron altar of Okawaru.
    68 | D        | Found a stormy altar of Qazlal.
    69 | D        | Found a sacrificial altar of Ru.
    70 | D        | Found a deep blue altar of Sif Muna.
    71 | D        | Found a bloodstained altar of Trog.
    72 | D        | Found a hide-covered altar of Uskayaw.
    73 | D        | Found a radiant altar of Vehumet.
    74 | D        | Found an ornate altar of the Wu Jian Council.
    75 | D        | Found a shimmering altar of Xom.
    76 | D        | Found a basalt altar of Yredelemnul.
    77 | D        | Found a glowing silver altar of Zin.
    78 | D        | Found a glowing golden altar of the Shining One.
   125 | D        | Noticed a two-headed ogre
   125 | D        | Noticed a centaur
   129 | D        | Killed a centaur
   129 | D        | Reached skill level 7 in Shields
   129 | D        | Reached XP level 6. HP: 51/55 MP: 6/6
   140 | D        | Killed a two-headed ogre
   140 | D        | Reached * piety under Cheibriados
   140 | D        | Reached skill level 10 in Shields
   140 | D        | Reached XP level 7. HP: 24/65 MP: 7/7
   140 | D        | Reached XP level 8. HP: 26/72 MP: 8/8
   146 | D        | Reached ** piety under Cheibriados
   155 | D        | Reached skill level 10 in Armour
   400 | D        | Noticed a manticore
   400 | D        | Noticed a basilisk
   402 | D        | Killed a basilisk
   402 | D        | Reached skill level 10 in Fighting
   402 | D        | Reached skill level 11 in Shields
   406 | D        | Killed a manticore
   406 | D        | Reached *** piety under Cheibriados
   412 | D        | Reached XP level 9. HP: 73/79 MP: 8/11
   416 | D        | Reached **** piety under Cheibriados
   674 | D        | Noticed a six-headed hydra
   675 | D        | Noticed an eight-headed hydra
   681 | D        | Reached ***** piety under Cheibriados
   681 | D        | Reached skill level 10 in Polearms
   681 | D        | Reached skill level 12 in Shields
   681 | D        | Reached skill level 5 in Invocations
   689 | D        | Killed an 11-headed hydra
   694 | D        | Reached XP level 10. HP: 33/89 MP: 4/15
   698 | D        | Killed a ten-headed hydra
   698 | D        | Reached skill level 13 in Shields
   699 | D        | Reached ****** piety under Cheibriados
   709 | D        | Noticed a spiny frog
   709 | D        | Noticed a spiny frog
   709 | D        | Noticed a spiny frog
   718 | D        | Killed a spiny frog
   719 | D        | Killed a spiny frog
   722 | D        | Killed a spiny frog
  1253 | D        | Noticed a catoblepas
  1253 | D        | Noticed a death yak
  1254 | D        | Noticed a death yak
  1255 | D        | Reached skill level 14 in Shields
  1256 | D        | Noticed a death yak
  1259 | D        | Killed a death yak
  1259 | D        | Reached skill level 10 in Invocations
  1259 | D        | Reached XP level 11. HP: 90/98 MP: 2/18
  1261 | D        | Killed a catoblepas
  1265 | D        | Killed a death yak
  1272 | D        | Killed a death yak
  1274 | D        | Reached skill level 15 in Shields
  1447 | D        | Noticed Harold
  1458 | D        | Killed Harold
  1593 | D        | Noticed an orc knight
  1596 | D        | Noticed an orc knight
  1607 | D        | Killed an orc knight
  1609 | D        | Killed an orc knight
  1739 | D        | Found Laps's Distillery.
  1739 | D        | Noticed an orc sorcerer
  1739 | D        | Noticed an orc sorcerer
  1739 | D        | Noticed an orc sorcerer
  1739 | D        | Noticed an orc sorcerer
  1742 | D        | Killed an orc sorcerer
  1742 | D        | Reached XP level 12. HP: 108/108 MP: 21/21
  1757 | D        | Noticed a sun demon
  1768 | D        | Reached skill level 16 in Shields
  1772 | D        | Reached skill level 15 in Fighting
  1772 | D        | Reached skill level 15 in Armour
  2102 | D        | Found Vuqudenn's Gadget Shop.
  2106 | D        | Found Mumeh's Book Boutique.
  2110 | D        | Found Veluysup's General Store.
  2138 | D        | Bought a potion of might for 56 gold pieces
  2138 | D        | Bought a potion of curing for 42 gold pieces
  2138 | D        | Bought a potion of agility for 56 gold pieces
  2138 | D        | Bought a potion of heal wounds for 70 gold pieces
  2138 | D        | Bought a potion of curing for 42 gold pieces
  2138 | D        | Bought a potion of degeneration for 14 gold pieces
  2138 | D        | Bought a potion of flight for 42 gold pieces
  2138 | D        | Bought a potion of cancellation for 112 gold pieces
  2138 | D        | Bought a potion of heal wounds for 70 gold pieces
  2140 | D        | Bought a wand of acid (10) for 280 gold pieces
  2144 | D        | Bought a potion of mutation for 112 gold pieces
  2144 | D        | Bought a scroll of magic mapping for 49 gold pieces
  2144 | D        | Bought a scroll of enchant armour for 105 gold pieces
  2274 | D        | Noticed Erolcha
  2283 | D        | Killed Erolcha
  2314 | D        | Noticed Sonja
  2315 | D        | Killed Sonja
  2457 | D        | Noticed a two-headed ogre
  2465 | D        | Noticed an unseen horror
  2468 | D        | Killed a two-headed ogre
  2477 | D        | Reached skill level 17 in Shields
  2495 | D        | Killed an unseen horror
  2495 | D        | Reached XP level 13. HP: 103/117 MP: 23/23
  2500 | D        | Noticed an ice dragon
  2501 | D        | Noticed a centaur warrior
  2501 | D        | Noticed a vampire knight
  2502 | D        | Noticed an ice dragon
  2507 | D        | Killed a centaur warrior
  2507 | D        | Killed a vampire knight
  2512 | D        | Killed an ice dragon
  2512 | D        | Reached skill level 15 in Polearms
  2514 | D        | Killed an ice dragon
  2525 | D        | Reached skill level 15 in Invocations
  2586 | D        | Noticed Agnes
  2597 | D        | Killed Agnes
  2597 | D        | Reached skill level 18 in Shields
  3025 | D        | Noticed Donald
  3032 | D        | Killed Donald
  3067 | D        | Noticed a spark wasp
  3087 | D        | Killed a spark wasp
  3481 | D        | Noticed a four-headed hydra
  3491 | D        | Reached skill level 1 in Dodging
  3493 | D        | Killed a five-headed hydra
  3803 | D        | Noticed a nagaraja
  3805 | D        | Reached XP level 14. HP: 128/128 MP: 26/26
  3805 | D        | Reached skill level 19 in Shields
  3809 | D        | Killed a nagaraja
  4438 | D        | Reached skill level 5 in Dodging
  4518 | D        | Noticed Nergalle
  4524 | D        | Killed Nergalle
  4834 | D        | Noticed a stone giant
  4834 | D        | Noticed a stone giant
  4840 | D        | Killed a stone giant
  4863 | D        | Noticed a frost giant
  4867 | D        | Killed a stone giant
  4867 | D        | Reached skill level 20 in Shields
  4871 | D        | Noticed a lich
  4885 | D        | Noticed an Executioner
  4889 | D        | Killed a frost giant
  4895 | D        | Noticed a stone giant
  4902 | D        | Killed a lich
  4922 | D        | Killed a stone giant
  4928 | D        | Reached XP level 15. HP: 43/139 MP: 5/27
  5018 | D        | Noticed a tengu reaver
  5023 | D        | Killed a tengu reaver
  5463 | D        | Noticed a stone giant
  5471 | D        | Killed a stone giant
  5476 | D        | Noticed a vault warden
  5480 | D        | Reached skill level 21 in Shields
  5489 | D        | Killed a vault warden
  5515 | D        | Reached skill level 10 in Dodging
  5523 | D        | Noticed an Orb Guardian
  5523 | D        | Noticed an Orb Guardian
  5523 | D        | Noticed a titan
  5525 | D        | Killed an Orb Guardian
  5525 | D        | Killed an Orb Guardian
  5525 | D        | Killed from afar by a titan

Skill      XL: |  1  2  3  4  5  6  7  8  9 10 11 12 13 14 15 |
---------------+----------------------------------------------+-----
Shields        | 4 6 7 10 11 12 14 15 17 18 20 21 | 21.8
Armour         | 5 6 7 9 10 11 13 14 16 17 19 20 | 20.3
Fighting       | 5 6 7 9 10 11 13 14 16 17 19 20 | 20.3
Polearms       | 4 5 8 9 10 12 13 14 16 17 18 | 18.8
Invocations    | 3 7 10 12 14 16 | 16.0
Dodging        | 2 8 10 | 10.7

Action                   |  1- 3 |  4- 6 |  7- 9 | 10-12 | 13-15 || total
-------------------------+-------+-------+-------+-------+-------++-------
Melee: Trident           |    28 |    12 |       |       |       ||    40
       Halberd           |       |    14 |    46 |   189 |   299 ||   548
Throw: Tomahawk          |       |       |       |       |     3 ||     3
Invok: Slouch            |       |       |     2 |    11 |    29 ||    42
  Use: Potion            |     1 |     2 |     2 |     2 |     4 ||    11
       Scroll            |       |       |       |     1 |       ||     1
 Stab: Invisible         |       |       |     1 |     4 |       ||     5
  Eat: Ration            |       |       |       |     1 |     2 ||     3
Armor: Scale mail        |    12 |     4 |       |       |       ||    16
       Plate armour      |       |     5 |    44 |    41 |    84 ||   174
Dodge: Dodged            |     7 |     6 |    21 |    19 |    65 ||   118
Block: Shield            |    12 |    14 |    42 |    84 |   185 ||   337
